[Event "*** Titled Tuesday Blitz"]
[Site "Chess.com"]
[Date "2019.04.02"]
[Round "4"]
[White "pedromartinez91"]
[Black "GM_RobertoMogranzini"]
[Result "1-0"]
[WhiteElo "2506"]
[BlackElo "2465"]
[TimeControl "180+2"]
[EndTime "14:49:42 PDT"]
[Termination "pedromartinez91 won by resignation"]

1. e4 d6 2. d4 Nf6 3. Nc3 e5 4. dxe5 dxe5 5. Qxd8+ Kxd8 6. Bc4 Bb4 7. f3 Ke7 8. Ne2 Be6 9. Bb3 c6 10. Be3 Nbd7 11.
a3 Bc5 12. Kf2 Bxe3+ 13. Kxe3 Bxb3 14. cxb3 Nc5 15. b4 Nb3 16. Rad1 Rhd8 17. g3 Nd7 18. Nc1 Nd4 19. N3e2 Ne6 20. Nd3 f6 21.
f4 Nb6 22. b3 exf4+ 23. gxf4 a5 24. bxa5 Rxa5 25. a4 g6 26. h4 Nd7 27. h5 g5 28. f5 Nec5 29. b4 Nxd3 30. bxa5 N3e5 31. Rb1 Nc5 32. Rhc1 Rd3+ 33. Kf2 Nxe4+ 34. Kg1 Rd7 35.
Rd1 Nd2 36. Rxd2 Rxd2 37. Rxb7+ Kd6 38. a6 Rxe2 39. a7 Rd2 40. Rb3 Rd1+ 41. Kf2 Rd2+ 42. Ke1 1-0

[Event "*** Titled Tuesday Blitz"]
[Site "Chess.com"]
[Date "2019.04.02"]
[Round "4"]
[White "bubacik"]
[Black "Manukyan_Artak"]
[Result "0-1"]
[WhiteElo "2588"]
[BlackElo "2453"]
[TimeControl "180+2"]
[EndTime "14:49:44 PDT"]
[Termination "Manukyan_Artak won by resignation"]

1. d4 Nf6 2. Nf3 e6 3. c4 b6 4. Nc3 Bb7 5. Bg5 Bb4 6. Qc2 h6 7. Bxf6 Qxf6 8. e4 c5 9. d5 Bxc3+ 10. bxc3 e5 11. Bd3 d6 12. O-O O-O 13. h3 Bc8 14.
Nh2 h5 15. a4 a5 16. Rab1 Nd7 17. Be2 g6 18. Qd2 Qf4 19. Qd3 Rb8 20. g3 Qh6 21.
f4 h4 22. Ng4 Qg7 23. f5 Nf6 24. fxg6 Nxg4 25. gxf7+ Rxf7 26. Rxf7 Kxf7 27. Rf1+ Nf6 28. g4 Ke7 29. Qe3 Bd7 30. Kh2 Rf8 31. Rb1 Rb8 32. Rf1 Nh7 33. Qf2 Rf8 34. Qxh4+ Ng5 35. Rb1 Qf6 36. Qg3 Nf3+ 37. Bxf3 Qxf3 38. Qxf3 Rxf3 39. Rxb6 Rxc3 40. g5 Rxc4 41. g6 Rb4 42. g7 Kf7 43.
Rxd6 Bxa4 44. Ra6 Kxg7 45. Rxa5 Rxe4 46. Rxc5 Rd4 47. Kg3 Kf6 48. h4 Bd1 49. Rc6+ Kf5 50. d6 Ke6 51. h5 Bxh5 52. d7+ Kxd7 53. Rh6 Bf7 54. Kf3 Be6 55. Ke3 Kd6 56. Rh8 Ra4 57. Rd8+ Ke7 58. Rb8 Bf5 59. Rb5 Kf6 60. Rb6+ Be6 61.
Rb8 0-1

[Event "*** Titled Tuesday Blitz"]
[Site "Chess.com"]
[Date "2019.04.02"]
[Round "4"]
[White "STAYFlow"]
[Black "NMZanette"]
[Result "0-1"]
[WhiteElo "2254"]
[BlackElo "2217"]
[TimeControl "180+2"]
[EndTime "14:49:46 PDT"]
[Termination "NMZanette won by resignation"]

1. d4 f5 2. g3 Nf6 3. Bg2 e6 4. Nf3 Be7 5. O-O O-O 6. c4 d6 7.
Nc3 a5 8. b3 Qe8 9. Bb2 Qh5 10.
Qc2 Na6 11. a3 g5 12. e4 g4 13. Ne1 c6 14. Nd3 Qf7 15. e5 Nh5 16. Ne2 d5 17.
Ndf4 Nxf4 18. Nxf4 Bg5 19. Bc1 h6 20. Bd2 Nc7 21.
b4 dxc4 22. Qxc4 Nd5 23. bxa5 Bxf4 24. gxf4 h5 25. Bb4 Rd8 26. Bd6 Nxf4 27. Qb4 Kh7 28. Qd2 Nxg2 29. Kxg2 Rg8 30. Kh1 h4 31. Rg1 h3 32. a4 Ra6 33. Ra3 f4 34. Qd3+ Qf5 35. Qxf5+ exf5 36. Rb3 Rxa5 37. Rb4 Rg7 38. e6 Bxe6 39.
Bxf4 Bd5+ 0-1

[Event "*** Titled Tuesday Blitz"]
[Site "Chess.com"]
[Date "2019.04.02"]
[Round "4"]
[White "Gordima"]
[Black "albi1999"]
[Result "1-0"]
[WhiteElo "2720"]
[BlackElo "2631"]
[TimeControl "180+2"]
[EndTime "14:49:48 PDT"]
[Termination "Gordima won by checkmate"]

1. Nf3 d5 2. d4 Nf6 3. c4 e6 4.
Nc3 c5 5. e3 Nc6 6. a3 dxc4 7.
Bxc4 a6 8. O-O b5 9. Ba2 Bb7 10. Qe2 Qc7 11. d5 exd5 12. Nxd5 Nxd5 13. Bxd5 Bd6 14.
e4 O-O 15. Be3 Rfe8 16. Rac1 Ne5 17. Bxb7 Nxf3+ 18. gxf3 Qxb7 19. Bxc5 Be5 20. Kh1 Re6 21. Rg1 Rh6 22. Rg2 Rc8 23. Be3 Rxc1+ 24. Bxc1 Rc6 25. Be3 Qc8 26. f4 Rc2 27. Qh5 Bxb2 28. e5 Qc6 29. Qg5 g6 30. h4 Qf3 31. Qd8+ Kg7 32. Kh2 Bc1 33. Qf6+ Kg8 34. e6 fxe6 35. Qxe6+ Kg7 36.
Qe7+ Kg8 37. Qe8+ Kg7 38. Bd4+ Kh6 39. Rxg6+ Kh5 40. Rg3+ Kxh4 41. Bf6# 1-0

[Event "*** Titled Tuesday Blitz"]
[Site "Chess.com"]
[Date "2019.04.02"]
[Round "4"]
[White "StephenDedalus83"]
[Black "Fighter008"]
[Result "1-0"]
[WhiteElo "2656"]
[BlackElo "2434"]
[TimeControl "180+2"]
[EndTime "14:49:52 PDT"]
[Termination "StephenDedalus83 won on time"]

1. e4 c5 2. Nf3 d6 3. d4 cxd4 4. Nxd4 Nf6 5. Nc3 a6 6. g3 e5 7.
Nde2 Be7 8. Bg2 O-O 9. O-O Be6 10. h3 Nbd7 11. g4 h6 12. Ng3 b5 13. a3 Nb6 14.
Nf5 Bxf5 15. gxf5 Qd7 16. f4 Rac8 17. Kh2 Nc4 18. fxe5 dxe5 19. Qxd7 Nxd7 20. Nd5 Bh4 21. b3 Ncb6 22. Nxb6 Nxb6 23. Be3 Nd7 24. Rad1 Nf6 25.
Rd2 Bg5 26. Bxg5 hxg5 27. Re1 Rc3 28. Bf1 Rfc8 29. Bd3 Nh5 30. Rg1 f6 31. a4 Nf4 32.
axb5 axb5 33. Rg3 Kf8 34. Bxb5 Rxc2 35. Rxc2 Rxc2+ 36. Kg1 Ke7 37. h4 gxh4 38. Rxg7+ Kd6 39. Rf7 Rg2+ 40. Kh1 Kc5 41. Bc4 h3 42. Rxf6 Nh5 43. Rg6 Ng3+ 44. Rxg3 Rxg3 45. f6 Rf3 46. f7 Kd4 47.
Bd5 Kc3 48. Kh2 Kd4 49. b4 Rf6 50. Kxh3 Ke3 51. Kg4 1-0

[Event "*** Titled Tuesday Blitz"]
[Site "Chess.com"]
[Date "2019.04.02"]
[Round "4"]
[White "Perecke"]
[Black "MrChessSponge"]
[Result "0-1"]
[WhiteElo "2078"]
[BlackElo "2261"]
[TimeControl "180+2"]
[EndTime "14:49:53 PDT"]
[Termination "MrChessSponge won on time"]

1. e4 e5 2. Nf3 Nc6 3. d4 exd4 4. Bc4 Nf6 5. O-O Nxe4 6. Re1 d5 7. Bxd5 Qxd5 8. Nc3 Qh5 9. Nxe4 Be6 10. Bg5 Bd6 11.
Nxd6+ cxd6 12. Bf4 Qd5 13. c3 Rc8 14. Nxd4 Nxd4 15.
Qxd4 Qxd4 16. cxd4 Kd7 17. Rac1 Rxc1 18. Rxc1 Bxa2 19. Ra1 Bd5 20. Rxa7 Rc8 21. Ra1 Rc2 22. Bc1 f6 23. b4 Rc4 24. Rb1 Be4 25. Ra1 Rxb4 26.
Be3 g5 27. f3 Bd5 28. Ra8 Rb1+ 29. Kf2 Rb2+ 30. Kg3 b5 31. Ra7+ Ke6 32. Rxh7 b4 33. Rh8 Rc2 34. Rb8 b3 35. h3 b2 36.
Rb4 Ba2 37. d5+ Kf5 0-1

[Event "*** Titled Tuesday Blitz"]
[Site "Chess.com"]
[Date "2019.04.02"]
[Round "4"]
[White "SolidAsARook"]
[Black "FrenchMonster2002"]
[Result "1-0"]
[WhiteElo "2248"]
[BlackElo "2344"]
[TimeControl "180+2"]
[EndTime "14:49:55 PDT"]
[Termination "SolidAsARook won by resignation"]

1. c4 Nf6 2. g3 g6 3. Bg2 Bg7 4. Nc3 O-O 5. e4 d6 6. Nge2 c5 7. O-O Nc6 8. d3 a6 9. h3 Rb8 10. a4 Ne8 11. Be3 Nc7 12. d4 cxd4 13. Nxd4 Ne6 14.
Nde2 Nc5 15. b3 a5 16. Rb1 b6 17. f4 Nb4 18. Qd2 Bb7 19. Kh2 f5 20. exf5 Bxg2 21. Kxg2 gxf5 22. Bd4 e5 23. Be3 Qe7 24. Nb5 Ne4 25.
Qe1 Nc2 26. Qc1 Nxe3+ 27. Qxe3 Kh8 28. Rbd1 Rfd8 29. Nec3 Nxc3 30. Nxc3 e4 31. Nd5 Qf7 32. g4 Qg6 33. Ne7 Qf6 34. Nxf5 d5 35. Rxd5 Qb2+ 36.
Rf2 Qb1 37. Nxg7 Rxd5 38. cxd5 Kxg7 39. Qd4+ Kf7 40. d6 Rd8 41. Qxb6 Rd7 42. Qc6 Ke6 43. f5+ Ke5 44. Qxd7 e3 45. Qe6+ Kd4 46. Re2 Qd1 47. Qxe3+ Kd5 48. Rd2+ 1-0

[Event "*** Titled Tuesday Blitz"]
[Site "Chess.com"]
[Date "2019.04.02"]
[Round "4"]
[White "mjray79"]
[Black "AsaHoffmann"]
[Result "1-0"]
[WhiteElo "2182"]
[BlackElo "2194"]
[TimeControl "180+2"]
[EndTime "14:49:56 PDT"]
[Termination "mjray79 won by resignation"]

1. d4 Nf6 2. c4 c5 3. d5 e5 4. Nc3 d6 5. e4 Be7 6. Be2 Nbd7 7.
Nf3 Nf8 8. O-O Ng6 9. Be3 O-O 10. Nd2 Ne8 11. g3 Bh3 12. Re1 Bg5 13. Nf1 h6 14. a3 a6 15. b4 Rc8 16. Na4 b6 17. Rb1 f5 18. Bxg5 Qxg5 19. exf5 Rxf5 20. Ne3 Rf7 21.
Nxb6 Qf6 22. f3 Rb8 23. Na4 e4 24. Ng4 Bxg4 25. fxg4 Qd4+ 26. Qxd4 cxd4 27. c5 Ne5 28. Bxa6 Nf3+ 29. Kg2 Nxe1+ 30. Rxe1 e3 31. Re2 Nf6 32. c6 Nxg4 33. Nb2 Ne5 34. Nd3 Re8 35. Nxe5 Rxe5 36. Bc4 Ref5 37. b5 Rf2+ 38. Rxf2 Rxf2+ 39. Kg1 Rc2 40. b6 Rxc4 41. b7 e2 42. b8=Q+ Kh7 43. Kf2 d3 44. Qb1 Re4 45. Qe1 Rc4 46. Qd2 Re4 47. c7 1-0

[Event "*** Titled Tuesday Blitz"]
[Site "Chess.com"]
[Date "2019.04.02"]
[Round "4"]
[White "Anahita_Gholami"]
[Black "Yurovskykh_Oleksandr"]
[Result "1-0"]
[WhiteElo "2682"]
[BlackElo "2504"]
[TimeControl "180+2"]
[EndTime "14:49:57 PDT"]
[Termination "Anahita_Gholami won on time"]

1. d4 Nf6 2. c4 c5 3. d5 e5 4. Nc3 d6 5. e4 Be7 6. Nf3 O-O 7. g3 Ne8 8. Bg2 Nd7 9. O-O g6 10. Ne1 Ng7 11. Nd3 f5 12. Bh6 Bg5 13. Bxg5 Qxg5 14.
exf5 Nxf5 15. Ne4 Qe7 16. Re1 Nf6 17. f4 Nxe4 18. Rxe4 Nd4 19. fxe5 Bf5 20. Re3 Bxd3 21. Qxd3 dxe5 22. Rae1 Rae8 23. b4 b6 24. bxc5 Qxc5 25. Kh1 Qa5 26. d6 Nf5 27. d7 Nxe3 28. Qxe3 Re7 29.
Rd1 Rd8 30. Qg5 Rexd7 31. Bd5+ Rxd5 32. cxd5 Rxd5 33. Rf1 Rd2 34. Qg4 Qd5+ 35. Rf3 Rd3 36.
Qc8+ Qd8 37. Qc4+ 1-0

[Event "*** Titled Tuesday Blitz"]
[Site "Chess.com"]
[Date "2019.04.02"]
[Round "4"]
[White "davserr65"]
[Black "Koksal06"]
[Result "0-1"]
[WhiteElo "2065"]
[BlackElo "2158"]
[TimeControl "180+2"]
[EndTime "14:49:57 PDT"]
[Termination "Koksal06 won by checkmate"]

1. Nf3 d5 2. c4 c6 3. g3 Nf6 4. Bg2 Bg4 5. Ne5 Bf5 6. O-O e6 7. d4 Nbd7 8. Nc3 Bd6 9. Bf4 Qc7 10. Nxd7 Qxd7 11. Bxd6 Qxd6 12. Qb3 O-O 13. Rfe1 Qd7 14. f3 Bg6 15. Rad1 a6 16. Na4 Qe7 17. cxd5 cxd5 18. Rc1 h5 19. Nb6 Rad8 20. Rc3 e5 21. Re3 e4 22.
fxe4 dxe4 23. Rd1 h4 24. gxh4 Ng4 25. Rh3 Qf6 26. h5 Bh7 27. Rg3 Qh4 28. Bh3 Nh6 29. Qe3 Qxh5 30. Rf1 f5 31. Rg5 Qf7 32. Kh1 Qf6 33.
Rfg1 Rf7 34. d5 Qxb2 35. Qc5 Rdf8 36. d6 Qxe2 37. d7 Ng4 38. Bxg4 fxg4 39. R5xg4 Qf3+ 40. R4g2 e3 41. Qd4 Be4 42. d8=Q Qxg2+ 43. Rxg2 Rf1# 0-1

[Event "*** Titled Tuesday Blitz"]
[Site "Chess.com"]
[Date "2019.04.02"]
[Round "4"]
[White "Genghis_K"]
[Black "jefferyx"]
[Result "0-1"]
[WhiteElo "2853"]
[BlackElo "2877"]
[TimeControl "180+2"]
[EndTime "14:50:02 PDT"]
[Termination "jefferyx won by checkmate"]

1. d4 Nf6 2. Nf3 d5 3. Bf4 Bf5 4. e3 e6 5. Ne5 Be7 6. g4 Be4 7. f3 Bg6 8. h4 h6 9. Nxg6 fxg6 10. Bd3 Kf7 11. c3 Nbd7 12. Qc2 Nf8 13. Nd2 c5 14. dxc5 N6d7 15. b4 Bxh4+ 16. Kf1 Bf6 17.
Re1 g5 18. Bd6 Be5 19. e4 Bxd6 20. exd5 Bf4 21. dxe6+ Nxe6 22. Bg6+ Kg8 23. Rxe6 Nf8 24. Qb3 Nxg6 25. Rxg6+ Kf8 26. Ne4 Qd3+ 27. Kg2 Re8 28. Qd1 Qc4 29. Re1 Qxa2+ 30. Nf2 Rxe1 31. Qxe1 Kf7 32.
Qe4 Rd8 33. Qf5+ Kg8 34. Re6 Qc4 35. Re7 Rf8 36. Qg6 Qxc3 37. Rxb7 Bg3 38. Qd3 Qe1 39. Ne4 Be5 40. Qd5+ Kh8 41. Qxe5 Qe2+ 42. Kg3 Rxf3# 0-1

[Event "*** Titled Tuesday Blitz"]
[Site "Chess.com"]
[Date "2019.04.02"]
[Round "4"]
[White "djogrodek1"]
[Black "DanielMieles1985"]
[Result "1-0"]
[WhiteElo "2524"]
[BlackElo "2661"]
[TimeControl "180+2"]
[EndTime "14:50:05 PDT"]
[Termination "djogrodek1 won by resignation"]

1. d4 Nf6 2. c4 g6 3. Nc3 d5 4. Nf3 Bg7 5. h4 c6 6. Bg5 Bg4 7. e3 Nbd7 8. Be2 Ne4 9. cxd5 Nxc3 10. bxc3 cxd5 11. Qb3 Qc7 12. Bf4 Qc8 13. O-O Nb6 14. Bb5+ Bd7 15. Ne5 Bxe5 16. Bxe5 O-O 17. Be2 Nc4 18.
Bxc4 dxc4 19. Qd1 Bc6 20. f3 f6 21. Bg3 Rd8 22. Qe2 b5 23. e4 h5 24. d5 Bb7 25.
Rad1 e6 26. Qe3 Kg7 27. e5 Rxd5 28. exf6+ Kf7 29. Be5 Qf8 30. Rxd5 Bxd5 31. Rb1 Bc6 32. Rd1 Bd5 33. Qf4 Rd8 34. Kh2 Rd7 35. Rd4 a5 36. g4 b4 37. gxh5 gxh5 38. Qg5 Qh8 39. Rf4 Rd8 40. Qg1 Qh7 41. Qa7+ Kg6 42. f7 Kh6 43.
Rf6+ Qg6 44. Rxg6+ Kxg6 45. f8=Q 1-0

[Event "*** Titled Tuesday Blitz"]
[Site "Chess.com"]
[Date "2019.04.02"]
[Round "4"]
[White "Benjoneliere44"]
[Black "stepanosinovsky"]
[Result "1-0"]
[WhiteElo "2477"]
[BlackElo "2293"]
[TimeControl "180+2"]
[EndTime "14:50:06 PDT"]
[Termination "Benjoneliere44 won by resignation"]

1. d4 Nf6 2. Bf4 g6 3. e3 Bg7 4. c3 O-O 5. Nd2 d6 6. h3 Nbd7 7. Ngf3 Re8 8. Bc4 e5 9. Bh2 e4 10. Ng1 d5 11. Bb3 Nf8 12. Ne2 g5 13. c4 c6 14.
cxd5 cxd5 15. Nb1 Ng6 16. Nbc3 a6 17. Bg3 h5 18. h4 gxh4 19. Bxh4 Nxh4 20. Rxh4 Bh6 21.
Qd2 Bg5 22. Rh1 Kg7 23. O-O-O Rh8 24. Kb1 Be6 25. Rc1 b5 26. a3 Ng4 27. Nf4 Bxf4 28.
exf4 b4 29. axb4 Rb8 30. Nd1 a5 31. f3 exf3 32. gxf3 Rxb4 33. fxg4 Rxb3 34. f5 Bd7 35. Rc3 a4 36. Ne3 hxg4 37. Rxh8 Qxh8 38. Nxg4 Qh1+ 39. Ka2 f6 40. Rc7 a3 41. Rxd7+ Kf8 42. Kxb3 Qh3+ 43. Qc3 Qxc3+ 44. bxc3 a2 45. Kxa2 1-0

[Event "*** Titled Tuesday Blitz"]
[Site "Chess.com"]
[Date "2019.04.02"]
[Round "4"]
[White "StoreySniper"]
[Black "PotapovaM"]
[Result "0-1"]
[WhiteElo "2478"]
[BlackElo "2440"]
[TimeControl "180+2"]
[EndTime "14:50:07 PDT"]
[Termination "PotapovaM won by resignation"]

1. d4 Nf6 2. Bg5 e6 3. Nc3 h6 4. Bf4 g5 5. Bg3 Bg7 6. e4 d6 7. h4 g4 8. Qd3 Nc6 9. O-O-O h5 10.
Kb1 Bd7 11. f4 Qe7 12. e5 dxe5 13. dxe5 Ng8 14. Bf2 O-O-O 15. g3 Nh6 16. Bg2 Nf5 17. Nge2 Nb4 18. Qc4 Bc6 19. Bc5 Rxd1+ 20. Rxd1 Qe8 21. Bf1 Nd5 22. Bxa7 Nde3 23. Bxe3 Nxe3 24. Qd4 Nxd1 25. Qxd1 Bf3 26. Qd4 Qc6 27. Qa7 Qa6 28. Qxa6 bxa6 29.
Nd4 Kb7 30. Nxf3 gxf3 31. Kc1 f6 32. exf6 Bxf6 33. Ne4 Be7 34. Bd3 Kc6 35. Kd2 Bc5 36. Ng5 f2 37. Nxe6 Rg8 38. Ng5 Re8 39. Be2 Rd8+ 40.
Kc3 Re8 41. Kd3 Re3+ 42. Kd2 Rxg3 43. c3 Rg1 44. b4 Bd6 45. Bf3+ Kd7 0-1

[Event "*** Titled Tuesday Blitz"]
[Site "Chess.com"]
[Date "2019.04.02"]
[Round "4"]
[White "Nancy11111"]
[Black "Beawuids"]
[Result "0-1"]
[WhiteElo "2287"]
[BlackElo "2361"]
[TimeControl "180+2"]
[EndTime "14:50:09 PDT"]
[Termination "Beawuids won by checkmate"]

1. d4 d5 2. Nf3 Nf6 3. e3 Bf5 4. c4 c6 5. cxd5 cxd5 6. Nc3 Nc6 7. Ne5 e6 8. g4 Be4 9. f3 Bg6 10. h4 h6 11. Nxg6 fxg6 12. Bd3 Kf7 13. a3 Bd6 14.
Qc2 Ne7 15. Bd2 Bg3+ 16. Ke2 Bd6 17. Rag1 Rc8 18. Qb1 Rg8 19. g5 Nh5 20. Be1 Nf5 21.
Rh3 a6 22. Bf2 b5 23. e4 Ne7 24. e5 Nf4+ 25. Kf1 Nxh3 26. exd6 Qxd6 27. Rg2 Nxf2 28.
Kxf2 Qf4 29. gxh6 gxh6 30. Ne2 Qxh4+ 31. Kg1 Nf5 32. Rg4 Qh3 33. Kf2 h5 34. Rg1 Qh4+ 35.
Ng3 Qxd4+ 36. Kg2 Ne3+ 37. Kh3 g5 38. f4 g4+ 39. Kh2 h4 40. Nh5 g3+ 41. Kh3 Qh8 42. Be2 Rc2 43. Bf3 Rh2# 0-1

[Event "*** Titled Tuesday Blitz"]
[Site "Chess.com"]
[Date "2019.04.02"]
[Round "4"]
[White "Vuk2000"]
[Black "Superfelix"]
[Result "1-0"]
[WhiteElo "2710"]
[BlackElo "2430"]
[TimeControl "180+2"]
[EndTime "14:50:13 PDT"]
[Termination "Vuk2000 won by resignation"]

1. d4 Nf6 2. Bg5 Ne4 3. Bf4 e6 4. e3 Bb4+ 5. c3 Bd6 6. Bd3 Bxf4 7. exf4 Nd6 8. Nf3 b6 9. Nbd2 Bb7 10. Qe2 Nc6 11. h4 Ne7 12. Ne4 Nxe4 13. Bxe4 Bxe4 14. Qxe4 Nd5 15. h5 h6 16. Ne5 d6 17. Nd3 a5 18.
O-O-O a4 19. c4 Nf6 20. Qc6+ Kf8 21. Qf3 d5 22. c5 Ne4 23. g4 a3 24. b3 bxc5 25. dxc5 Rb8 26. Qe3 c6 27. Ne5 Rb5 28. Qxe4 Rxc5+ 29. Kb1 Ke7 30. Qb4 Qd6 31. Nd3 Rb5 32.
Qxd6+ Kxd6 33. Ne5 Rf8 34. Nc4+ Kc5 35. Nxa3 Rb4 36.
Rd3 Rxf4 37. f3 f5 38. Rc1+ Kb6 39. Rdc3 Rc8 40. Rg1 fxg4 41. fxg4 e5 42. Nc2 d4 43. Rc4 Rd8 44. Nb4 Rd6 45. Rgc1 Rxg4 46. Nxc6 Rg5 47. a4 Rxh5 48. a5+ Ka6 49. Rb4 Rxc6 50. Rxc6+ Kxa5 51. Rb8 Rh1+ 52. Ka2 d3 53. Rc4 Rh2+ 54.
Ka3 1-0

[Event "*** Titled Tuesday Blitz"]
[Site "Chess.com"]
[Date "2019.04.02"]
[Round "4"]
[White "AryanTari"]
[Black "Annawel"]
[Result "1-0"]
[WhiteElo "2841"]
[BlackElo "2888"]
[TimeControl "180+2"]
[EndTime "14:50:14 PDT"]
[Termination "AryanTari won on time"]

1. Nf3 Nf6 2. c4 g6 3. g3 Bg7 4. Bg2 O-O 5. O-O d6 6. d4 Ne4 7.
Qc2 f5 8. Rd1 Nc6 9. Nc3 Nxc3 10. bxc3 Qe8 11. Ba3 h6 12. d5 Ne5 13. c5 Bd7 14. Rdb1 Rb8 15. Nd4 Nc4 16. Qc1 dxc5 17.
Bxc5 b6 18. Ba3 Nxa3 19. Qxa3 a5 20. e3 Qf7 21. Rd1 Rfd8 22. c4 Kh7 23. c5 e5 24.
dxe6 Bxe6 25. Nc6 Rxd1+ 26. Rxd1 Re8 27. cxb6 cxb6 28. Rd2 Qc7 29. h4 h5 30. Nd4 Bg8 31. Rc2 Qe7 32. Qa4 Rd8 33. Bf3 Bd5 34. Bxd5 Rxd5 35.
Qc6 Qe4 36. Qc7 Kh6 37. Qc8 f4 38. gxf4 Bxd4 39. exd4 Qxd4 40. Rc7 Qf6 41. Qg8 Rd1+ 42. Kg2 1-0

[Event "*** Titled Tuesday Blitz"]
[Site "Chess.com"]
[Date "2019.04.02"]
[Round "4"]
[White "FairChess_on_YouTube"]
[Black "Last7Samurai"]
[Result "1-0"]
[WhiteElo "3054"]
[BlackElo "2736"]
[TimeControl "180+2"]
[EndTime "14:50:17 PDT"]
[Termination "FairChess_on_YouTube won by checkmate"]

1. d4 d5 2. c4 c6 3. Nc3 Nf6 4. e3 e6 5. Nf3 Nbd7 6. Be2 Bd6 7. a4 O-O 8. O-O a6 9. a5 Re8 10. Qc2 e5 11. dxe5 Nxe5 12. cxd5 cxd5 13. Rd1 Bg4 14. Nd4 Rc8 15. h3 Bxe2 16. Qxe2 Bb8 17. Bd2 Qd6 18.
Be1 g6 19. Kf1 Ne4 20. Nf3 Nxc3 21. Bxc3 Nc4 22. Qd3 Ba7 23. Qxd5 Qxd5 24. Rxd5 Rxe3 25. Rd7 Ree8 26. Rxb7 Bc5 27. Rd1 Nd6 28. Rd7 Ne4 29.
Be1 Rb8 30. Rb1 Bb4 31. Rd4 Bxe1 32. Rxe1 f5 33. b4 Rec8 34. g4 Rc2 35. Re2 Rxe2 36.
Kxe2 Nc3+ 37. Kd3 Na2 38. gxf5 gxf5 39. Rd6 Nxb4+ 40. Kc4 Nc2 41. Rxa6 Na3+ 42. Kd5 Rb2 43. Ke6 Kg7 44. Ra7+ Kh6 45. Kf6 Rc2 46. Nd4 Rxf2 47. Nxf5+ Kh5 48. Rxh7# 1-0

[Event "*** Titled Tuesday Blitz"]
[Site "Chess.com"]
[Date "2019.04.02"]
[Round "4"]
[White "Tiqr777"]
[Black "Margency"]
[Result "1-0"]
[WhiteElo "2650"]
[BlackElo "2685"]
[TimeControl "180+2"]
[EndTime "14:50:17 PDT"]
[Termination "Tiqr777 won by resignation"]

1. c4 Nf6 2. Nc3 g6 3. g3 Bg7 4. Bg2 d6 5. d3 O-O 6. Nf3 e5 7.
O-O Nc6 8. Rb1 h6 9. b4 Be6 10. b5 Ne7 11. c5 Qd7 12. Ba3 b6 13. cxd6 cxd6 14. e4 Rac8 15. Rc1 Nh7 16. d4 exd4 17. Nxd4 Bc4 18. Re1 Ng5 19. Qd2 Nh3+ 20. Kh1 Rfd8 21. f4 Qg4 22. Bf3 Qd7 23. Kg2 Rc5 24. Nb3 Rcc8 25. Nd5 Nxd5 26. exd5 Bxb5 27. Nd4 Ba4 28. Nc6 Re8 29. g4 h5 30. Kxh3 a5 31. f5 hxg4+ 32.
Bxg4 gxf5 33. Bf3 Kh7 34. Bb2 Rh8 35. Bxg7 Kxg7+ 36. Kg2 Rh6 37. Qd4+ Kf8 38. Qxa4 Rg6+ 39. Kf2 f4 40. Qxf4 Qh3 41. Rg1 Rh6 42. Rce1 b5 43. Rg2 Rc7 44. Qg5 Qh4+ 45. Qxh4 Rxh4 46. Reg1 Rh8 47. Rb1 1-0

[Event "*** Titled Tuesday Blitz"]
[Site "Chess.com"]
[Date "2019.04.02"]
[Round "4"]
[White "You_are_not_free"]
[Black "DiogenesSinopeus"]
[Result "1-0"]
[WhiteElo "2340"]
[BlackElo "2417"]
[TimeControl "180+2"]
[EndTime "14:50:18 PDT"]
[Termination "You_are_not_free won by resignation"]

1. e4 e5 2. Nf3 Nc6 3. Bb5 a6 4. Ba4 d6 5. O-O Bg4 6. h3 h5 7. Bxc6+ bxc6 8. d4 Bxf3 9. Qxf3 exd4 10. Re1 Be7 11.
e5 Qd7 12. Bf4 g5 13. exd6 cxd6 14. Bxg5 O-O-O 15. Bf4 Nf6 16. Na3 d5 17. Qb3 Bd6 18.
Bxd6 Qxd6 19. Qb6 c5 20. Qa7 Rhg8 21. Re7 Rd7 22. Qa8+ Kc7 23. Rxd7+ Kxd7 24. Qb7+ Ke8 25. Re1+ Kf8 26. Qc8+ Kg7 27. Qf5 Kh6 28. Nb1 Rg5 29.
Qc8 Rg8 30. Qf5 Rg5 31. Qf3 Kg7 32. Nd2 h4 33. c3 dxc3 34. Qxc3 d4 35. Qf3 Qd5 36.
Qxd5 Nxd5 37. Ne4 Re5 38. Kf1 c4 39. Nd6 Rxe1+ 40. Kxe1 Nb6 41. Nf5+ Kf6 42. Nxd4 Ke5 43. Nf3+ Ke4 44. Nxh4 Kd3 45. Kd1 Na4 46. Kc1 a5 47. f4 f6 48. g4 Nxb2 49. Kxb2 Kd2 50. Nf3+ Kd3 51. g5 c3+ 52. Kc1 1-0

[Event "*** Titled Tuesday Blitz"]
[Site "Chess.com"]
[Date "2019.04.02"]
[Round "4"]
[White "Denis_Palkovich"]
[Black "Caisachess"]
[Result "0-1"]
[WhiteElo "2234"]
[BlackElo "2406"]
[TimeControl "180+2"]
[EndTime "14:50:18 PDT"]
[Termination "Caisachess won by resignation"]

1. d4 Nf6 2. Bf4 e6 3. e3 d5 4.
Nd2 c5 5. c3 Bd6 6. Bxd6 Qxd6 7. f4 O-O 8. Ngf3 b6 9. Ne5 Ba6 10. Bxa6 Nxa6 11. O-O Nd7 12. Ndf3 Nab8 13. a4 f6 14. Nxd7 Nxd7 15. a5 b5 16. a6 Rab8 17. Qb3 Rb6 18. Qa3 Rfb8 19. Ra2 c4 20. Qa5 b4 21.
Rfa1 bxc3 22. bxc3 Rb1+ 23. Rxb1 Rxb1+ 24. Kf2 Qb6 25. Qa4 Nf8 26. h3 Rc1 27. Qa3 Qb3 28.
Qxc1 Qxa2+ 29. Nd2 Qxa6 30. e4 Qb5 31. Qa3 a5 32.
exd5 exd5 33. Qd6 a4 34. f5 Qd7 35. Qxd7 Nxd7 36. Nb1 Kf7 37. Ke3 Ke7 38. Kd2 Kd6 39. Kc2 Nb8 40. Kb2 Nc6 41. Ka3 g6 42. fxg6 hxg6 43.
Kxa4 Ne7 44. Na3 Nf5 45. Nb5+ Kc6 46. Na7+ Kb7 47. Nb5 Ne3 48. Nd6+ Kc6 49. Ne8 f5 50. g3 Nf1 51. Ng7 Nxg3 52. Ne6 Ne2 53. Kb4 f4 54. Ng5 Kd6 55. Nf3 Ke6 56. h4 Kf5 57. Kc5 Nxc3 58. Kd6 Ke4 59. Ng5+ Kxd4 60. Ke6 Ne4 61. Kf7 Nxg5+ 62.
hxg5 f3 63. Kxg6 f2 0-1

[Event "*** Titled Tuesday Blitz"]
[Site "Chess.com"]
[Date "2019.04.02"]
[Round "4"]
[White "Gareth-Bale11"]
[Black "evgenyermolaev"]
[Result "1-0"]
[WhiteElo "2708"]
[BlackElo "2524"]
[TimeControl "180+2"]
[EndTime "14:50:19 PDT"]
[Termination "Gareth-Bale11 won by resignation"]

1. Nf3 Nf6 2. d4 g6 3. c4 Bg7 4. Nc3 O-O 5. e4 c5 6. Be2 cxd4 7. Nxd4 Nc6 8. Nc2 d6 9. O-O Be6 10. f3 Rc8 11. Ne3 Nh5 12. Re1 Bxc3 13. bxc3 Ne5 14. Nd5 Nxc4 15. Bh6 Re8 16. g4 Nf6 17. Nxf6+ exf6 18. Qd4 Ne5 19. Red1 Bc4 20. Kf2 f5 21. Bf4 Bxe2 22.
Kxe2 fxe4 23. fxe4 Rc4 24. Qd5 Qh4 25. Bxe5 Qxg4+ 26.
Kd2 Rxe4 27. Bg3 Qe2+ 28. Kc1 Rc4 29. Qd3 Qe6 30. Rb1 Rec8 31. Rb3 b5 32. Kb2 a5 33. Be1 b4 34. cxb4 Rc2+ 35. Qxc2 Rxc2+ 36. Kxc2 Qe2+ 37. Bd2 Qc4+ 38. Kb2 Qd4+ 39. Kb1 Qe4+ 40. Ka1 axb4 41. Bxb4 Qe5+ 42. Bc3 Qe8 43. Rdb1 1-0

[Event "*** Titled Tuesday Blitz"]
[Site "Chess.com"]
[Date "2019.04.02"]
[Round "4"]
[White "UCantHandleDenker"]
[Black "TST2014"]
[Result "1-0"]
[WhiteElo "2476"]
[BlackElo "2507"]
[TimeControl "180+2"]
[EndTime "14:50:19 PDT"]
[Termination "UCantHandleDenker won by resignation"]

1. Nf3 Nf6 2. g3 g6 3. Bg2 Bg7 4. O-O O-O 5. d3 d5 6. Nbd2 Nc6 7. e4 dxe4 8. dxe4 e5 9. c3 Qd3 10. Re1 Rd8 11. Qe2 Qc2 12. Nc4 Qxe2 13. Rxe2 Rd1+ 14. Re1 Rxe1+ 15. Nxe1 Be6 16. Ne3 Rd8 17. Bf3 h5 18. h4 a5 19. a4 Bf8 20. N1c2 Bc5 21. Kg2 Kg7 22. Na3 Rd3 23. Nb5 Bb6 24. Be2 Rd7 25.
f3 Na7 26. Na3 c6 27. Nec4 Bc7 28. Be3 Nc8 29. Nd2 Ne8 30. Nac4 f6 31. Kf2 b6 32. b3 Ned6 33. Nxd6 Nxd6 34. Rd1 Nb7 35. Rb1 Nc5 36. Bc4 Nd3+ 37. Ke2 Bxc4 38. Nxc4 b5 39. axb5 cxb5 40. Nb6 Rd6 41. Nd5 Rxd5 42. exd5 e4 43. fxe4 Ne5 44. Bf4 Kf7 45. c4 b4 46. c5 Bd8 47.
Bxe5 fxe5 48. Kd3 g5 49. hxg5 Bxg5 50. Kc4 Bd8 51. Kb5 Kf6 52. d6 Ke6 53. Kc6 Bg5 54.
Rh1 h4 55. gxh4 Be3 56. h5 a4 57. bxa4 b3 58. Rb1 1-0